 Dungeon Sprint DCSS version 0.29.1-15-g9cfb28693d (webtiles) character file.

Game seed: 18191545444228056574

242 Groucho the Covert (level 5, 0/24 HPs)
             Began as a Spriggan Earth Elementalist on Apr 1, 2023.
             Was an Initiate of Dithmenos.
             Succumbed to a human's poison
             ... in the Dungeon (Sprint III: "The Ten Rune Challenge").
             The game lasted 00:05:22 (949 turns).

Groucho the Covert (Spriggan Earth Elementalist)     Turns: 949, Time: 00:05:22

Health: 0/24       AC:  3    Str:  6    XL:     5   Next: 82%
Magic:  10/15      EV: 21    Int: 16    God:    Dithmenos [......]
Gold:   32         SH:  0    Dex: 16    Spells: 13/17 levels left

rFire   . . .      SeeInvis +   (weapon restricted)
rCold   . . .      Faith    .   (no shield)
rNeg    . . .      Spirit   .   a - +0 robe
rPois   .          Reflect  .   (helmet restricted)
rElec   .          Harm     .   h - +0 cloak
rCorr   .          Rampage  .   (gloves unavailable)
Will    .....      NoTele   +   (boots unavailable)
Stlth   ++++......              (no amulet)
HPRegen 0.08/turn               (no ring)
MPRegen 0.14/turn               (no ring)

@: lethally poisoned (0 -> -8), very quick
A: very small, no large weapons, unfitting armour, see invisible, speed 3
a: Renounce Religion


You were in the Dungeon.
You worshipped Dithmenos.
Dithmenos was noncommittal.
You visited 1 branch You collected 32 gold pieces.

Inventory:

Armour
 a - a +0 robe (worn)
 h - a +0 cloak (worn)
Scrolls
 g - a scroll of blinking
 j - a scroll of torment {unknown}
 k - a scroll of butterflies {unknown}
 m - a scroll of poison {unknown}
 n - 2 scrolls of identify
Potions
 b - 3 potions of magic
 e - a potion of haste
 f - 2 potions of berserk rage
 i - 2 potions of mutation {unknown}
 l - 3 potions of flight
 o - 2 potions of might


   Skills:
 + Level 7.4 Dodging
 + Level 8.6 Stealth
 + Level 6.8 Spellcasting
 + Level 1.8 Conjurations
 - Level 1.3 Transmutations
 * Level 7.3 Earth Magic


You had 13 spell levels left.
You knew the following spells:

 Your Spells              Type           Power      Damage    Failure   Level
a - Sandblast             Erth           58%        2d13      1%          1
b - Stone Arrow           Conj/Erth      40%        3d9       6%          3

Your spell library contained the following spells:

 Spells                   Type           Power      Damage    Failure   Level
 Passwall                 Tmut/Erth      15%        N/A       3%          2
 Sting                    Tmut/Pois      28%        1d4       10%         1
 Apportation              Tloc           10%        N/A       13%         1
 Necrotise                Necr           20%        1d5       13%         1
 Summon Small Mammal      Summ           20%        N/A       13%         1
 Poisonous Vapours        Pois/Air       10%        N/A       19%         2
 Petrify                  Tmut/Erth      19%        N/A       22%         4
 Olgreb's Toxic Radiance  Pois           5%         N/A       77%         4


Dungeon Overview and Level Annotations

Branches:
Dungeon (1/1)

Altars:
Dithmenos
Kikubaaqudgha
Okawaru
Ru
Sif Muna
Trog
Uskayaw
Vehumet
Wu Jian
Yredelemnul


Innate Abilities, Weirdness & Mutations

You are very small and have problems with some larger weapons.
You are too small for most types of armour.
You have supernaturally acute eyesight. (SInv)
You cover ground extremely quickly. (Speed+++)


Message History

You hear a shout!
Things that are here:
a +0 dagger; a +0 robe You feel sick.
You hear a shout!
You feel sick.
There is an open door here.
Okay, then.
You feel better.
The human hits you from afar with a +2 spear of venom!
* * * LOW HITPOINT WARNING * * *
You are lethally poisoned!
Casting: Sandblast (safe; 1% risk of failure)
Confirm with . or Enter, or press ? or * to list all spells.
You don't know that spell.
Okay, then.
Casting: Sandblast (safe; 1% risk of failure)
Confirm with . or Enter, or press ? or * to list all spells.
The spell is quite dangerous to miscast (6% risk of failure)!
Continue anyway?
Okay, then.
Unknown command.
Unknown command.
Unknown command.
Casting: Stone Arrow (quite dangerous; 6% risk of failure)
Confirm with . or Enter, or press ? or * to list all spells.
The spell is quite dangerous to miscast (6% risk of failure)!
Continue anyway?
Aiming: Stone Arrow (quite dangerous; 6% risk of failure)
Press: ? - help, Shift-Dir - straight line, f/p - human
Aim: a human, wielding a +2 spear of venom (lightly wounded, berserk, 60% to hit)
The stone arrow hits the human!
The human is heavily wounded.
* * * LOW HITPOINT WARNING * * *
You feel sick. The human closely misses you.
Unknown command.
Unknown command.
Unknown command.
Unknown command.
Unknown command.
Okay, then.
You die...

▓▓▓▓▓▓▓▓▓▓▓▓▓ ▓▓▓
▓<.#..'...♣.♣ ♣.#
▓..#..#....♣♣ ♣.#
▓#'####.....♣ ♣.#
▓.@...#....~♣ ♣♣♣.#
▓...p.#...~~♣♣♣...#
▓...))#..~~~~♣..♣.'
▓####'#..~≈≈~~~♣♣.#
▓.....#.~~≈~~~....#
▓..p..#.~≈~~~.....#
▓.....#.~~~.......#
▓'#####...........#
▓..p.p............#


You could see a human (berserk).

Vanquished Creatures
  A necrophage (D)
  A water elemental (D)
  Crazy Yiuf (D)
  Jessica (D)
  A necromancer (D)
  A human (D)
  A kobold demonologist (D)
  3 rats (D)
10 creatures vanquished.

Vanquished Creatures (others)
  A wizard (D)
1 creature vanquished.

Grand Total: 11 creatures vanquished

Notes
Turn   | Place    | Note
-------+----------+-------------------------------------------
     0 | D        | Groucho the Spriggan Earth Elementalist began the quest for
                  | the Orb.
     0 | D        | Reached XP level 1. HP: 9/9 MP: 5/5
   111 | D        | Noticed Jessica
   119 | D        | Killed Jessica
   120 | D        | Reached skill level 5 in Stealth
   120 | D        | Reached XP level 2. HP: 13/13 MP: 5/8
   175 | D        | Reached XP level 3. HP: 16/16 MP: 1/10
   184 | D        | Learned a level 3 spell: Stone Arrow
   273 | D        | Noticed Crazy Yiuf
   316 | D        | Killed Crazy Yiuf
   317 | D        | Reached skill level 5 in Dodging
   317 | D        | Reached skill level 6 in Stealth
   317 | D        | Reached skill level 5 in Spellcasting
   317 | D        | Reached skill level 5 in Earth Magic
   317 | D        | Reached XP level 4. HP: 21/21 MP: 10/12
   365 | D        | Noticed a water elemental
   393 | D        | Killed a water elemental
   394 | D        | Reached skill level 7 in Stealth
   552 | D        | Found a shadowy altar of Dithmenos.
   552 | D        | Noticed a necrophage
   555 | D        | Killed a necrophage
   556 | D        | Reached skill level 8 in Stealth
   556 | D        | Reached skill level 1 in Conjurations
   556 | D        | Reached XP level 5. HP: 24/24 MP: 9/14
   556 | D        | Found a basalt altar of Yredelemnul.
   556 | D        | Found a sacrificial altar of Ru.
   563 | D        | Became a worshipper of Dithmenos the Shadowed
   760 | D        | Found a radiant altar of Vehumet.
   763 | D        | Found a shimmering blue altar of Sif Muna.
   770 | D        | Found an ancient bone altar of Kikubaaqudgha.
   910 | D        | Found a hide-covered altar of Uskayaw.
   910 | D        | Found an iron altar of Okawaru.
   910 | D        | Found a bloodstained altar of Trog.
   910 | D        | Found an ornate altar of the Wu Jian Council.
   910 | D        | Noticed a human
   911 | D        | Noticed a human
   949 | D        | Succumbed to a human's poison

Illustrated notes

Levels and vault maps discovered:
D:        dungeon_sprint_mu [sprint_mu_entry_forest, sprint_mu_temple_rooms,
          sprint_mu_d1_horrors, sprint_mu_d2_genie, sprint_mu_d3_branching,
          sprint_mu_orc_legion, sprint_mu_elf_gauntlet, sprint_mu_hive_nellie,
          sprint_mu_lair_fedhas, sprint_mu_vaults_butterflies,
          sprint_mu_slime_circle, sprint_mu_swamp_cave, sprint_mu_shoals_kraken,
          sprint_mu_blade_basic, sprint_mu_crypt_chambers,
          sprint_mu_tomb_spiral, sprint_mu_vestibule_basic,
          sprint_mu_gehenna_hellfire, sprint_mu_dis_giant,
          sprint_mu_tartarus_statrot, sprint_mu_cocytus_islands, sprint_mu_zot1]

Skill      XL: |  1  2  3  4  5 |
---------------+----------------+-----
Dodging        | 4 5 7 |  7.4
Earth Magic    | 4 5 6 7 |  7.3
Stealth        | 5 6 8 |  8.6
Spellcasting   | 4 5 6 |  6.8
Conjurations   | 1 |  1.8
Transmutations | |  1.3

Action                   |  1- 3 |  4- 6 || total
-------------------------+-------+-------++-------
 Cast: Sandblast         |    15 |    19 ||    34
       Stone Arrow       |       |     1 ||     1
  Use: Potion            |       |     2 ||     2
Armor: Robe              |       |     1 ||     1
Dodge: Dodged            |     3 |     4 ||     7
